 Dungeon Crawl Stone Soup version 0.20.0-15-g7f486f2 (webtiles) character file.

2457 vishdafish the Cudgeler (level 9, -2/55 HPs)
             Began as a Gargoyle Fighter on June 25, 2017.
             Killed from afar by an electric eel (4 damage)
             ... with a bolt of electricity
             ... on level 7 of the Dungeon.
             The game lasted 00:12:45 (6485 turns).

vishdafish the Cudgeler (Gargoyle Fighter)          Turns: 6485, Time: 00:12:45

Health: -2/55      AC: 17    Str: 27    XL:     9   Next: 50%
Magic:  9/9        EV: 10    Int:  9    God:
Gold:   379        SH: 11    Dex: 12    Spells: 8/8 levels left

rFire    . . .     SeeInvis .   h - +0 whip (elec)
rCold    . . .     Gourm    .   c - +0 shield
rNeg     + + .     Faith    .   b - +0 scale mail
rPois    ∞         Spirit   .   (no helmet)
rElec    +         Reflect  .   (no cloak)
rCorr    .         Harm     .   (no gloves)
MR       .....                  (no boots)
Stlth    ..........             (no amulet)
Regen    0.2/turn               s - ring of positive energy
MPRegen  0.2/turn               B - ring of loudness (curse)

@: mighty
A: hooves 1, slimy green scales 1, thin metallic scales 1, agile 1, negative
energy resistance 1, electricity resistance, unbreathing, petrification
resistance, rot immunity, subdued magic 1, AC +5
a: no special abilities


You were on level 7 of the Dungeon.
You were not hungry.

You visited 1 branch of the dungeon, and saw 7 of its levels.

You collected 431 gold pieces.
You spent 52 gold pieces at shops.

Inventory:

Hand Weapons
 a - a +0 flail
 h - a +0 whip of electrocution (weapon)
Armour
 b - a +0 scale mail (worn)
 c - a +0 shield (worn)
Jewellery
 s - a ring of positive energy (left hand)
 B - a cursed ring of loudness (right hand)
Wands
 g - a wand of confusion (31/48)
Scrolls
 k - 2 scrolls of fog {unknown}
 l - 3 scrolls of amnesia
 n - a scroll of fear {unknown}
 p - a scroll of recharging {unknown}
 r - 2 scrolls of blinking
 t - a scroll of teleportation {unknown}
 v - 2 scrolls of immolation {unknown}
 y - a scroll of magic mapping
 C - a scroll of silence
Potions
 d - a potion of might
 e - 4 potions of lignification {unknown}
 o - 5 potions of curing {unknown}
 q - 2 potions of flight {unknown}
 u - 2 potions of heal wounds
 w - a potion of invisibility {unknown}
 x - a potion of ambrosia {unknown}
 z - a potion of brilliance {unknown}
Miscellaneous
 m - a box of beasts
Comestibles
 f - 2 bread rations
 i - 6 meat rations


   Skills:
 + Level 6.2 Fighting
 + Level 7.5 Maces & Flails
 + Level 7.0 Armour
 + Level 2.9 Dodging
 - Level 0.2 Stealth
 + Level 7.3 Shields


You had 8 spell levels left.
You didn't know any spells.

Dungeon Overview and Level Annotations

Branches:
Dungeon (7/15)
 Temple: D:4-7

Altars:
Cheibriados
Fedhas
Hepliaklqana
Kikubaaqudgha
Nemelex Xobeh
Qazlal
Sif Muna
Uskayaw
Yredelemnul

Shops:
D:5 *


Innate Abilities, Weirdness & Mutations

You are resistant to torment.
Your stone body is resilient. (AC +5)
You are immune to poison.
You resist negative energy. (rN+)
You are resistant to electric shocks. (rElec)
You can survive without breathing.
You are immune to petrification.
You are immune to rotting.
You have large cloven feet.
You are partially covered in slimy green scales. (AC +2)
You are partially covered in thin metallic scales. (AC +2)
You are agile. (Dex +2)
Your spells are a little easier to cast, but a little less powerful.


Message History

The bolt of electricity hits the electric eel.
The electric eel completely resists.
The electric eel shoots out a bolt of lightning at you!
The bolt of electricity hits you! You resist.
* * * LOW HITPOINT WARNING * * *
The electric eel shoots out a bolt of lightning at you!
The bolt of electricity hits you! You resist.
The bolt of electricity misses the electric eel.
The bolt of electricity hits the electric eel.
The electric eel completely resists.
The electric eel shoots out a bolt of lightning at you!
The bolt of electricity hits you! You resist.
* * * LOW HITPOINT WARNING * * *
The bolt of electricity hits the electric eel.
The electric eel completely resists.
There is a stone staircase leading up here.
The electric eel shoots out a bolt of lightning at you!
The bolt of electricity misses the electric eel.
The bolt of electricity hits you! You resist.
You die...

#.#.≈≈≈≈≈≈≈ ..
..≈#≈≈≈≈≈≈≈≈≈#.
.#≈≈≈≈≈.⌠≈≈ ≈≈≈#.
#.≈#w≈≈=.(≈≈≈#≈.#
#≈≈≈≈≈≈.[≈ ≈≈≈≈≈.
≈≈≈≈≈≈≈≈.##≈≈≈≈≈≈
≈≈≈≈≈≈≈...;;≈≈≈≈≈
.≈#≈≈≈;.@.;#≈≈≈≈.
#≈≈≈≈≈...;≈≈≈≈≈≈
≈≈≈≈≈≈≈≈.≈≈≈≈≈≈≈≈
.≈#≈≈≈≈#⌠≈≈≈≈≈w≈.
..≈≈≈≈.≈..#≈≈≈≈..
.#≈≈≈≈≈.==#≈≈≈≈#.
##≈≈≈≈≈≈≈≈≈≈≈##
##.≈≈≈≈≈≈≈.##
.##≈≈.#≈#..


You could see 5 electric eels and 2 dart slugs.

Vanquished Creatures
  Grinder (D:5)
  A hippogriff (D:6)
  Sigmund (D:5)
  4 sky beasts
  A necrophage (D:6)
  An ogre (D:5)
  4 centaurs
  2 scorpions (D:6)
  A howler monkey (D:5)
  An electric eel (D:7)
  A crimson imp (D:6)
  A centaur zombie (D:6)
  2 quasits (D:5)
  4 orc priests
  2 hounds (D:5)
  A jelly (D:6)
  A gnoll shaman (D:5)
  Natasha (thrice) (D:2)
  2 iguanas (D:6)
  2 orc wizards (D:6)
  5 worker ants
  Terence (D:2)
  5 gnolls
  4 adders
  2 shadow imps (D:6)
  An ooze (D:1)
  3 adder zombies
  2 dart slugs
  A leopard gecko (D:6)
  17 orcs
  3 giant cockroaches
  7 goblins
  7 hobgoblins
  10 jackals
  2 quokkas
  2 ball pythons
  3 bats
  6 frilled lizards
  7 kobolds
  A quokka skeleton (D:5)
  6 rats
131 creatures vanquished.

Vanquished Creatures (others)
  7 dart slugs (D:7)
7 creatures vanquished.

Grand Total: 138 creatures vanquished

Notes
Turn   | Place    | Note
-------+----------+-------------------------------------------
     0 | D:1      | vishdafish the Gargoyle Fighter began the quest for the Orb.
     0 | D:1      | Reached XP level 1. HP: 14/14 MP: 1/1
    63 | D:1      | Reached XP level 2. HP: 16/20 MP: 2/2
   682 | D:2      | Reached XP level 3. HP: 24/24 MP: 3/3
   732 | D:2      | Noticed Natasha
   742 | D:2      | Killed Natasha
   742 | D:2      | Reached XP level 4. HP: 21/29 MP: 4/4
   813 | D:2      | Noticed Natasha
   825 | D:2      | Killed Natasha
   859 | D:2      | Found a stormy altar of Qazlal.
   860 | D:2      | Found a basalt altar of Yredelemnul.
   861 | D:2      | Found a hide-covered altar of Uskayaw.
   862 | D:2      | Found a snail-covered altar of Cheibriados.
   864 | D:2      | Found a blossoming altar of Fedhas.
   882 | D:2      | Noticed Natasha
   890 | D:2      | Killed Natasha
   890 | D:2      | Reached XP level 5. HP: 31/33 MP: 5/5
   924 | D:2      | Found a deep blue altar of Sif Muna.
   953 | D:2      | Noticed Terence
   959 | D:2      | Killed Terence
  1536 | D:3      | Found a hazy altar of Hepliaklqana.
  2236 | D:4      | Found a sparkling altar of Nemelex Xobeh.
  2249 | D:4      | Found an ancient bone altar of Kikubaaqudgha.
  2313 | D:4      | Reached XP level 6. HP: 34/39 MP: 6/6
  2412 | D:4      | You fall through a shaft!
  2412 | D:5      | Entered Level 5 of the Dungeon
  2461 | D:5      | Noticed a sky beast
  2496 | D:5      | Killed a sky beast
  2496 | D:5      | Reached skill level 1 in Dodging
  2856 | D:5      | Reached XP level 7. HP: 44/44 MP: 7/7
  2990 | D:4      | Reached skill level 5 in Fighting
  3215 | D:5      | Found Vinues Rouh's Assorted Antiques.
  3288 | D:5      | Reached skill level 5 in Armour
  3288 | D:5      | Reached skill level 5 in Shields
  3521 | D:5      | Bought a scroll of identify for 52 gold pieces
  3522 | D:5      | Gained mutation: Your body sometimes deteriorates upon taking damage. [potion of mutation]
  3522 | D:5      | Gained mutation: You are frail. (-10% HP) [potion of mutation]
  3522 | D:5      | Gained mutation: You have large cloven feet. [potion of mutation]
  3631 | D:5      | Noticed Sigmund
  3641 | D:5      | Killed Sigmund
  3641 | D:5      | Reached skill level 5 in Maces & Flails
  3722 | D:5      | Reached XP level 8. HP: 37/44 MP: 8/8
  3874 | D:5      | Noticed Grinder
  3902 | D:5      | Paralysed by Grinder for 3 turns
  3906 | D:5      | Killed Grinder
  4657 | D:6      | Reached XP level 9. HP: 45/49 MP: 9/9
  5078 | D:6      | Lost mutation: You are frail. (-10% HP) [potion of mutation]
  5078 | D:6      | Lost mutation: Your body sometimes deteriorates upon taking damage. [potion of mutation]
  5078 | D:6      | Gained mutation: You do not regenerate when monsters are visible. [potion of mutation]
  5078 | D:6      | Lost mutation: You do not regenerate when monsters are visible. [potion of mutation]
  5078 | D:6      | Gained mutation: You are agile. (Dex +2) [potion of mutation]
  5080 | D:6      | Gained mutation: You are partially covered in slimy green scales. (AC +2) [mutagenic meat]
  5081 | D:6      | Gained mutation: Your spells are a little easier to cast, but a little less powerful. [mutagenic meat]
  5082 | D:6      | Gained mutation: You are partially covered in thin metallic scales. (AC +2) [mutagenic meat]
  6484 | D:7      | HP: 2/55 [electric eel/bolt of electricity (3)]
  6485 | D:7      | Killed from afar by an electric eel

Skill      XL: |  1  2  3  4  5  6  7  8  9 |
---------------+----------------------------+-----
Fighting       | 4 5 6 |  6.2
Maces & Flails | 3 4 5 6 7 |  7.5
Armour         | 4 5 6 7 |  7.0
Shields        | 4 5 6 7 |  7.3
Dodging        | 1 2 |  2.9
Stealth        | |  0.2

Action                   |  1- 3 |  4- 6 |  7- 9 || total
-------------------------+-------+-------+-------++-------
Melee: Flail             |    66 |   238 |   266 ||   570
       Kick              |       |       |    81 ||    81
       Whip              |       |       |   187 ||   187
  Use: Scroll            |       |       |     8 ||     8
       Potion            |       |       |     3 ||     3
  Eat: Meat ration       |       |     1 |       ||     1
       Royal jelly       |       |     1 |     2 ||     3
       Chunk             |       |       |    10 ||    10
       Bread ration      |       |       |     1 ||     1
Armor: Scale mail        |    25 |   153 |   234 ||   412
Dodge: Dodged            |    14 |    80 |   127 ||   221
Block: Shield            |    36 |   117 |   207 ||   360
